AoeStats
← pedrogragui

Fortress

509573382Analyzed
2v2 RM · 5d ago on Sep 27, 2026· 161m 1s· 4 players
Game mode
Random Map
Map size
Normal (6 player)
Population
200
Speed
Normal
Resources
Standard
Victory
Conquest
Starting age
Dark Age
Ending age
Imperial Age
RankedLock teamsTeams togetherTeam positionsShared explorationLock speedFull tech treeHidden civsTurbo modeCheats
Victory
Defeat
🇮🇪 Burmese · Ireland
470
+18
🇺🇸 Vietnamese · United States
423
+20
🇨🇳 Malay · China
504
-19
🇨🇳 Teutons · China
504
-19
pedrogragui
6:07 Loom
8:04 Feudal Age
9:37 Wheelbarrow
8:53 Horse Collar
12:37 Man-at-Arms
18:50 Arson
22:18 Castle Age
22:36 Long Swordsman
23:01 Gambesons
23:17 Squires
23:35 Hand Cart
23:25 Heavy Plow
25:22 Husbandry
24:43 Light Cavalry
29:29 Imperial Age
30:59 Crop Rotation
32:20 Two-Handed Swordsman
32:21 Pikeman
36:46 Cavalier
38:22 Guilds
38:42 Coinage
42:11 Heavy Scorpion
45:54 Chemistry
45:15 Ballistics
44:47 Heated Shot
44:37 Treadmill Crane
45:08 Masonry
45:04 Siege Engineers
44:55 Murder Holes
45:10 Fortified Wall
44:51 Guard Tower
57:14 Architecture
57:20 Keep
59:32 Banking
64:37 Conscription
77:18 Champion
77:19 Halberdier
78:40 Scale Barding Armor
78:46 Forging
78:27 Fletching
78:37 Padded Archer Armor
78:38 Scale Mail Armor
81:59 Chain Barding Armor
82:15 Iron Casting
81:35 Bodkin Arrow
91:20 Gold Mining
91:21 Stone Mining
97:28 Elite Arambai
98:09 Manipur Cavalry
109:33 Howdah
109:34 Manipur Cavalry
129:54 Elite Arambai
146:14 Elite Battle Elephant
saphi
0:40 Loom
12:17 Feudal Age
12:55 Double-Bit Axe
12:54 Horse Collar
13:07 Stone Mining
13:13 Gold Mining
18:41 Castle Age
19:37 Caravan
20:45 Heavy Plow
27:06 Thumb Ring
28:30 Bow Saw
28:33 Husbandry
33:47 Imperial Age
35:10 Crop Rotation
35:05 Paper Money
37:42 Elite Rattan Archer
45:09 Fletching
45:19 Padded Archer Armor
46:12 Bodkin Arrow
49:01 Ballistics
49:44 Chemistry
49:16 Elite Fire Lancer
49:57 Squires
49:43 Arson
51:08 Leather Archer Armor
50:55 Bracer
51:06 Forging
50:56 Scale Mail Armor
60:17 Ring Archer Armor
60:03 Chain Mail Armor
61:50 Iron Casting
62:01 Iron Casting
62:24 Elite Battle Elephant
64:39 Bloodlines
66:16 Plate Mail Armor
65:54 Scale Barding Armor
85:44 Chatras
86:22 Plate Mail Armor
86:22 Chain Barding Armor
86:50 Wheelbarrow
86:43 Masonry
86:46 Fortified Wall
90:28 Onager
100:19 Hoardings
100:27 Plate Barding Armor
100:19 Hand Cart
102:26 Town Watch
103:11 Siege Engineers
110:52 Town Patrol
111:19 Guilds
116:34 Elite Skirmisher
皮皮鲁
2:22 Loom
7:13 Feudal Age
8:05 Double-Bit Axe
8:04 Horse Collar
9:55 Wheelbarrow
9:59 Gold Mining
12:00 Forging
13:46 Stone Mining
16:43 Castle Age
16:56 Scale Mail Armor
18:05 Bow Saw
18:19 Squires
19:38 Iron Casting
19:09 Pikeman
21:21 Heavy Plow
21:36 Gambesons
22:51 Ironclad
23:23 Elite Skirmisher
25:26 Stone Shaft Mining
25:46 Hand Cart
28:47 Imperial Age
27:15 Fletching
27:44 Hand Cart
28:25 Ballistics
29:22 Fortified Wall
31:00 Two-Man Saw
30:35 Crop Rotation
31:34 Town Watch
32:31 Stone Shaft Mining
31:33 Halberdier
34:17 Chemistry
34:38 Chain Mail Armor
36:23 Blast Furnace
35:58 Fervor
36:32 Plate Mail Armor
37:44 Conscription
37:06 Capped Ram
38:56 Crenellations
38:40 Padded Archer Armor
39:05 Masonry
40:47 Hoardings
40:31 Town Patrol
41:16 Elite Teutonic Knight
42:49 Redemption
43:02 Guilds
43:08 Bodkin Arrow
46:57 Guard Tower
47:00 Heated Shot
62:34 Coinage
66:11 Banking
67:39 Heavy Scorpion
86:47 Leather Archer Armor
86:06 Heavy Mounted Crossbowman
90:26 Caravan
94:06 Bloodlines
155:31 Arson
鲁西西
10:19 Feudal Age
11:01 Double-Bit Axe
13:38 Gold Mining
15:29 Wheelbarrow
15:08 Stone Mining
18:07 Castle Age
16:54 Loom
23:44 Imperial Age
24:50 Scale Barding Armor
24:47 Padded Archer Armor
24:38 Fletching
25:13 Hand Cart
26:48 Bow Saw
29:21 Horse Collar
30:16 Leather Archer Armor
29:57 Bodkin Arrow
30:18 Forging
29:37 Elite Skirmisher
29:39 Crossbowman
33:32 Bracer
34:03 Ring Archer Armor
34:55 Gold Shaft Mining
34:56 Stone Shaft Mining
35:21 Iron Casting
37:41 Chemistry
37:03 Ballistics
38:55 Blast Furnace
45:30 Bombard Tower
45:27 Masonry
46:32 Thumb Ring
45:50 Arbalester
85:18 Heavy Plow
93:43 Crop Rotation
110:16 Siege Engineers
145:58 Husbandry
145:20 Light Cavalry
Connection lost

Rejoining the realm…

Still unreachable

The connection could not be restored.

Session expired

The server has moved on; the page needs a fresh start.